 Dungeon Crawl Stone Soup version 0.23.2-1-ga50397a (webtiles) character file.

Game seed: 16246037015197359420

164 MartialLaw the Insei (level 5, -7/33 HPs)
             Began as an Octopode Transmuter on Apr 15, 2019.
             Killed by nerve-wracking pain
             ... invoked by Menkaure
              (12 damage)
             ... on level 4 of the Dungeon.
             The game lasted 00:08:39 (3229 turns).

MartialLaw the Insei (Octopode Transmuter)          Turns: 3229, Time: 00:08:39

Health: -7/33      AC:  1    Str:  9    XL:     5   Next: 45%
Magic:  7/8        EV: 14    Int: 17    God:
Gold:   189        SH:  0    Dex: 12    Spells: 5/9 levels left

rFire    . . .     SeeInvis .     - Unarmed
rCold    . . .     Gourm    .   (no shield)
rNeg     . . .     Faith    .   (helmet restricted)
rPois    .         Spirit   .   (no amulet)
rElec    .         Reflect  .   (no ring)
rCorr    .         Harm     .   (no ring)
MR       .....                  (no ring)
Stlth    +++.......             (no ring)
HPRegen  0.11/turn              (no ring)
MPRegen  0.11/turn              (no ring)
                                (no ring)
                                (no ring)

@: appendage
A: almost no armour, stealthy swim, amphibious, 8 rings, constrict 8, tentacle
spike 3, camouflage 1, gelatinous body 1
a: End Transformation


You were on level 4 of the Dungeon.
You were not hungry.
One of your tentacles had a temporary spike.
You visited 1 branch of the dungeon, and saw 4 of its levels.

You collected 189 gold pieces.

Inventory:

Missiles
 a - 43 arrows
Jewellery
 i - an uncursed amulet of rage {unknown}
 n - an uncursed amulet of the gourmand {unknown}
 q - an uncursed amulet of guardian spirit {unknown}
Scrolls
 b - 4 scrolls of amnesia
 e - 4 scrolls of teleportation
 f - a scroll of blinking {unknown}
 l - 2 scrolls of fog
 o - a scroll of enchant armour {unknown}
 s - a scroll of remove curse {unknown}
 t - a scroll of identify {unknown}
 u - 2 scrolls of enchant weapon
Potions
 d - a potion of cancellation {unknown}
 g - 2 potions of heal wounds {unknown}
 h - 3 potions of degeneration {unknown}
 j - a potion of agility {unknown}
 k - 2 potions of haste {unknown}
 m - a potion of invisibility {unknown}
 p - a potion of lignification {unknown}
 r - a potion of berserk rage {unknown}
Comestibles
 c - 4 rations


   Skills:
 + Level 1.5 Fighting
 + Level 2.6 Dodging
 - Level 1.6 Stealth
 + Level 3.9 Unarmed Combat
 + Level 2.6 Spellcasting
 * Level 3.1 Transmutations
 * Level 1.4 Poison Magic


You had 5 spell levels left.
You knew the following spells:

 Your Spells              Type           Power        Failure   Level  Hunger
a - Beastly Appendage     Tmut           ##....       4%          1    #......
b - Spider Form           Tmut/Pois      #.........   22%         3    ###....

Your spell library contained the following spells:

 Spells                   Type           Power        Failure   Level  Hunger
 Sticks to Snakes         Tmut           ##......     8%          2    ##.....
 Ice Form                 Ice/Tmut       #.......     67%         4    #####..
 Blade Hands              Tmut           ##........   80%         5    ######.


Dungeon Overview and Level Annotations

Branches:
Dungeon (4/15)
 Temple: D:4-7

Altars:

Annotations:
D:2 Terence
D:4 Menkaure


Innate Abilities, Weirdness & Mutations

You cannot wear most types of armour.
You are very stealthy in the water. (Stealth+)
You are amphibious.
You can wear up to eight rings at the same time.
You can use your tentacles to constrict eight enemies at once.
Your skin changes colour to match your surroundings (Stealth+).
Your rubbery body absorbs attacks. (AC +1, EV +1)
One of your tentacles bears a large vicious spike.


Message History

You constrict Menkaure. You barely miss Menkaure.
Menkaure is moderately damaged.
You constrict Menkaure, but do no damage.
Menkaure hits you!
* * * LOW HITPOINT WARNING * * *
You tentacle-slap Menkaure.
Menkaure is heavily damaged.
You constrict Menkaure.
Menkaure casts a spell.
Menkaure seems to speed up.
You tentacle-slap Menkaure.
You pierce Menkaure.
Menkaure is severely damaged.
You constrict Menkaure. Menkaure barely misses you.
You tentacle-slap Menkaure but do no damage.
Menkaure is severely damaged.
You constrict Menkaure, but do no damage.
Menkaure gestures at you while chanting.
Pain shoots through your body!
You die...

.. .# # .#
#. .#
###.###.#
..!..#.#
#.#.#.#
#.M@<.#
..........#
....##...##
### ##.##
#.. ##. .
.#


You could see Menkaure.

Vanquished Creatures
  Natasha (thrice) (D:3)
  3 adders (D:2)
  A worm (D:2)
  A dart slug (D:1)
  2 leopard geckos (D:2)
  4 giant cockroaches
  6 goblins (D:2)
  6 hobgoblins
  7 jackals (D:1)
  8 kobolds
  A quokka (D:2)
  7 bats
  3 frilled lizards
  6 rats
58 creatures vanquished.

Notes
Turn   | Place    | Note
-------+----------+-------------------------------------------
     0 | D:1      | MartialLaw the Octopode Transmuter began the quest for the
                  | Orb.
     0 | D:1      | Reached XP level 1. HP: 13/13 MP: 3/3
   112 | D:1      | Reached XP level 2. HP: 13/18 MP: 1/5
   627 | D:1      | Reached skill level 1 in Stealth
   714 | D:1      | Reached XP level 3. HP: 21/23 MP: 4/6
  1172 | D:2      | Reached XP level 4. HP: 28/28 MP: 4/7
  1912 | D:2      | Noticed Terence
  2587 | D:3      | Learned a level 3 spell: Spider Form
  2898 | D:3      | Noticed Natasha
  2903 | D:3      | Killed Natasha
  2903 | D:3      | Reached XP level 5. HP: 22/33 MP: 6/8
  2972 | D:3      | Noticed Natasha
  2997 | D:3      | Killed Natasha
  2997 | D:3      | Reached skill level 1 in Poison Magic
  3152 | D:3      | Noticed Natasha
  3158 | D:3      | Killed Natasha
  3220 | D:4      | Noticed Menkaure
  3229 | D:4      | Killed from afar by Menkaure

Skill      XL: |  1  2  3  4  5 |
---------------+----------------+-----
Stealth        | 1 |  1.6
Transmutations | 3 |  3.1
Poison Magic   | 1 |  1.4
Fighting       | |  1.5
Dodging        | |  2.6
Unarmed Combat | |  3.9
Spellcasting   | |  2.6

Action                   |  1- 3 |  4- 6 || total
-------------------------+-------+-------++-------
Melee: Unarmed           |    77 |    69 ||   146
       Constrict         |    22 |    15 ||    37
       Tentacles         |    11 |     7 ||    18
       Kick              |     9 |    20 ||    29
       Punch             |     2 |     1 ||     3
 Cast: Beastly Appendage |    24 |    17 ||    41
  Use: Scroll            |       |     6 ||     6
 Stab: Sleeping          |     5 |     5 ||    10
  Eat: Chunk             |     1 |     7 ||     8
Armor: Skin              |    10 |     4 ||    14
Dodge: Dodged            |    55 |    48 ||   103
